 Dungeon Crawl Stone Soup version 0.29.1-1-gd02db6906a (webtiles) character file.

Game seed: 10800985091568616613

18912 Godmorgon the Destroyer (level 12, -20/68 HPs)
             Began as a Tengu Conjurer on Oct 12, 2022.
             Was an Elder of Vehumet.
             Shot with an arrow by a centaur warrior (24 damage)
             ... on level 11 of the Dungeon.
             The game lasted 01:32:45 (19157 turns).

Godmorgon the Destroyer (Tengu Conjurer)           Turns: 19157, Time: 01:32:46

Health: -20/68     AC: 19    Str:  8    XL:     12   Next: 63%
Magic:  3/27       EV: 12    Int: 26    God:    Vehumet [****..]
Gold:   1661       SH:  0    Dex: 16    Spells: 13/31 levels left

rFire   + . .      SeeInvis +   a - +5 flail "Spiderbane" {spect, rPois}
rCold   . . .      Faith    .   (no shield)
rNeg    . . .      Spirit   .   D - +3 ring mail
rPois   +          Reflect  .   T - +3 crown of Dyrovepreva {rElec Int+2 SInv}
rElec   +          Harm     .   X - +0 cloak
rCorr   .          Rampage  .   L - +0 pair of gloves
Will    .....                   (boots unavailable)
Stlth   ..........              (no amulet)
HPRegen 0.21/turn               s - ring "Koerph" {AC+4 Dex+4 SInv Stlth-}
MPRegen 0.20/turn               n - ring of protection from fire

@: flying quickly and evasively, quick
A: beak, talons 3, nimble flight
a: Renounce Religion


You were on level 11 of the Dungeon.
You worshipped Vehumet.
Vehumet was greatly pleased with you.
You visited 2 branches of the dungeon, and saw 12 of its levels.
You also visited: Sewer and Ossuary.

You collected 2571 gold pieces.
You spent 910 gold pieces at shops.

Inventory:

Hand Weapons
 a - the +5 flail "Spiderbane" (weapon) {spect, rPois}
   (You found it on level 9 of the Dungeon)

   When its wielder attacks, the weapon's spirit leaps out and strikes again.
   The spirit shares a part of any damage it takes with its wielder.
   rPois:     It protects you from poison.
 b - a +2 dagger of venom
 z - a +2 whip of venom
 M - a +0 whip of electrocution
 U - a +3 scimitar of flaming
Missiles
 k - 6 curare-tipped darts (quivered)
 r - 2 throwing nets
 E - 9 poisoned darts
Armour
 D - a +3 ring mail (worn)
 L - a +0 pair of gloves (worn)
 T - the +3 crown of Dyrovepreva (worn) {rElec Int+2 SInv}
   (You acquired it on level 10 of the Dungeon)

   Int:       It affects your intelligence (+2).
   rElec:     It insulates you from electricity.
   SInv:      It lets you see invisible.
 X - a +0 cloak (worn)
Magical Staves
 H - a staff of cold
 K - a staff of earth
Jewellery
 e - a +4 ring of protection
 f - a +6 ring of strength
 h - the ring of the Supporting Gods {Fly rC- Will+ MP+9 SInv}
   (You took it off an efreet on level 11 of the Dungeon)

   [ring of see invisible]

   rC:        It makes you vulnerable to cold.
   MP:        It affects your magic capacity (+9).
   SInv:      It lets you see invisible.
   Fly:       It grants you flight.
   Will:      It increases your willpower.
 j - a ring of willpower
 n - a ring of protection from fire (right hand)
 p - a ring of wizardry
 s - the ring "Koerph" (left hand) {AC+4 Dex+4 SInv Stlth-}
   (You acquired it on level 6 of the Dungeon)

   [ring of protection]

   AC:        It affects your AC (+4).
   Dex:       It affects your dexterity (+4).
   SInv:      It lets you see invisible.
   Stlth:     It makes you less stealthy.
Wands
 G - a wand of light (7)
 R - a wand of polymorph (5)
Scrolls
 d - 4 scrolls of teleportation
 l - 4 scrolls of magic mapping
 m - 3 scrolls of silence
 t - a scroll of enchant weapon
 v - 2 scrolls of blinking
 w - 2 scrolls of amnesia
 x - 2 scrolls of poison
 y - a scroll of torment {unknown}
 J - a scroll of brand weapon
 O - 2 scrolls of fear
 S - a scroll of summoning {unknown}
 W - a scroll of fog {unknown}
Potions
 c - 6 potions of curing
 g - 2 potions of cancellation
 i - a potion of mutation
 o - 3 potions of brilliance
 q - a potion of haste {unknown}
 u - 2 potions of magic
 A - a potion of ambrosia {unknown}
 B - 4 potions of heal wounds
 C - 3 potions of might
 F - 2 potions of attraction
 I - a potion of resistance {unknown}
 N - a potion of lignification
 P - a potion of invisibility
 Q - a potion of berserk rage {unknown}


   Skills:
 * Level 5.6 Fighting
 - Level 7.0 Armour
 - Level 2.1 Dodging
 - Level 2.0 Stealth
 * Level 10.0 Spellcasting
 + Level 12.3 Conjurations
 * Level 6.1 Fire Magic
 + Level 12.3 Air Magic
 + Level 6.5 Poison Magic


You had 13 spell levels left.
You knew the following spells:

 Your Spells              Type           Power      Damage    Failure   Level
a - Airstrike             Air            33%        2d(5-21)  1%          4
d - Magic Dart            Conj           100%       1d8       1%          1
m - Mephitic Cloud        Conj/Pois/Air  61%        N/A       1%          3
p - Poisonous Vapours     Pois/Air       100%       N/A       1%          2
s - Searing Ray           Conj           100%       2d8       1%          2
S - Starburst             Conj/Fire      28%        6d9       11%         6

Your spell library contained the following spells:

 Spells                   Type           Power      Damage    Failure   Level
 Inner Flame              Hex/Fire       28%        N/A       3%          3
 Foxfire                  Conj/Fire      100%       2x1d9     1%          1
 Shock                    Conj/Air       100%       1d9       1%          1
 Dazzling Flash           Conj/Hex       90%        N/A       1%          3
 Stone Arrow              Conj/Erth      90%        3d12      1%          3
 Swiftness                Air            67%        N/A       1%          3
 Iskenderun's Battlesphe  Conj           67%        2d12      1%          5
 Fulminant Prism          Conj/Hex       22%        3d13      2%          4
 Iskenderun's Mystic Bla  Conj/Tloc      45%        2d10      2%          4
 Sandblast                Erth           26%        2d8       3%          1
 Corpse Rot               Necr/Pois/Air  45%        N/A       9%          4
 Necrotise                Necr           52%        1d6       12%         1
 Orb of Destruction       Conj           33%        9d10      17%         7
 Call Imp                 Summ           13%        N/A       19%         2
 Passwall                 Tmut/Erth      10%        N/A       19%         2
 Call Canine Familiar     Summ           13%        N/A       34%         3
 Summon Guardian Golem    Hex/Summ       13%        N/A       34%         3
 Tukima's Dance           Hex            13%        N/A       34%         3
 Vampiric Draining        Necr           13%        2d6       34%         3
 Yara's Violent Unravell  Hex/Tmut       6%         3d5       58%         5
 Anguish                  Hex/Necr       6%         N/A       75%         4
 Dispel Undead            Necr           13%        3d9       75%         4
 Passage of Golubria      Tloc           13%        N/A       75%         4
 Agony                    Necr           13%        N/A       97%         5
 Summon Hydra             Summ           6%         N/A       100%        7
 Necromutation            Tmut/Necr      6%         N/A       100%        8


Dungeon Overview and Level Annotations

Branches:
Dungeon (11/15)            Temple (1/1) D:6            Lair (0/5) D:10
    Orc (0/2) D:9           Sewer (visited)         Ossuary (visited)

Altars:
Ashenzari
Cheibriados
Dithmenos
Elyvilon
Fedhas
Gozag
Hepliaklqana
Kikubaaqudgha
Makhleb
Nemelex Xobeh
Okawaru
Qazlal
Ru
Sif Muna
Trog
Uskayaw
Vehumet
Wu Jian
Xom
Yredelemnul
Zin
The Shining One

Shops:
D:2 :   D:3 [   D:9 *

Portals:
Trove: D:11 (give 6 scrolls of fear)


Innate Abilities, Weirdness & Mutations

You have a beak for a mouth.
You have claws for feet.
Your magical nature lets you fly swiftly and evasively.


Message History

The centaur warrior wields a +0 shortbow.
The centaur warrior shoots an arrow.
The arrow hits you but does no damage.
Casting: Airstrike (safe; 1% risk of failure)
Confirm with . or Enter, or press ? or * to list all spells.
Aiming: Airstrike (safe; 1% risk of failure)
Press: ? - help, Dir - move target, f/p - centaur warrior
Aim: a centaur warrior, wielding a +0 shortbow (moderately wounded, empty space bonus: 4/8)
The air twists around and strikes the centaur warrior!
The centaur warrior is heavily wounded.
The centaur warrior shoots an arrow.
The arrow hits you but does no damage.
The centaur warrior shoots an arrow.
The arrow hits you!
Casting: Airstrike (safe; 1% risk of failure)
Confirm with . or Enter, or press ? or * to list all spells.
You don't have enough magic to cast this spell.
Unknown command.
The centaur warrior shoots an arrow.
The arrow completely misses you.
The centaur warrior shoots an arrow.
The arrow hits you but does no damage.
The centaur warrior shoots an arrow.
The arrow hits you!
Casting: Airstrike (safe; 1% risk of failure)
Confirm with . or Enter, or press ? or * to list all spells.
Aiming: Airstrike (safe; 1% risk of failure)
Press: ? - help, Dir - move target, f/p - centaur warrior
Aim: a centaur warrior, wielding a +0 shortbow (heavily wounded, empty space bonus: 4/8)
The air twists around and strikes the centaur warrior!
The centaur warrior is severely wounded.
The centaur warrior shoots an arrow.
The arrow hits you!
You feel much better.
The centaur warrior shoots an arrow.
The arrow hits you!
The centaur warrior shoots an arrow.
The arrow barely misses you.
The centaur warrior shoots an arrow.
The arrow barely misses you.
The centaur warrior shoots an arrow.
The arrow hits you.
The centaur warrior shoots an arrow.
The arrow hits you!
* * * LOW HITPOINT WARNING * * *
The centaur warrior shoots an arrow.
The arrow hits you.
* * * LOW HITPOINT WARNING * * *
The centaur warrior shoots an arrow.
The arrow hits you.
* * * LOW HITPOINT WARNING * * *
The centaur warrior shoots an arrow.
The arrow hits you!
* * * LOW HITPOINT WARNING * * *
The centaur warrior shoots an arrow.
The arrow hits you!!
You die...

#.#.#.# #...# #.##.......
##.#...# #...### #.##.......
..[##### ###...## #.##......#
.^## ###..# #.......#..
#..##############.# #########.#..
..................# #....# #.#.#
###.############..# #....# #.#..
#..#..........#..# #....# #.#.l
##.##..#..##...#@.# #....####c#..
#..#.#.##..#..##..###....'......#
#.##.#.###.####...##.....#...####
..#.#.#..#...##.#..#.....#.......
.##.#.#..##..#..##.....#.#..#####
○#.#.#.#....##..###.####.#..###
##.#.#.#....#.(.....c..c......#
#.#.#.#.#..##.......####.#.##.#
'.#.#.#.#..#........##.#....#.###


You could see a centaur warrior.

Vanquished Creatures
  Fannar (D:11)
  A catoblepas (D:10)
  A hydra (D:11)
  5 two-headed ogres
  2 boulder beetles
  A centaur warrior (D:11)
  Sonja (D:9)
  A skeletal warrior (D:10)
  A wizard (D:11)
  An ugly thing (D:11)
  A cyclops (D:11)
  Maggie (D:7)
  A komodo dragon (D:11)
  An unseen horror (D:10)
  A yaktaur (D:11)
  An efreet (D:11)
  A merfolk (D:9)
  5 trolls
  2 hornets
  5 shadows
  A vampire (D:10)
  3 wraiths
  A wyvern (D:7)
  6 yaks (D:10)
  2 water moccasins (D:8)
  8 orc warriors
  A black bear (D:7)
  2 ice beasts (D:5)
  A sky beast (D:8)
  6 ogres
  4 centaurs
  An elf zombie (Ossuary)
  A phantom (D:5)
  2 kobold brigands
  2 gnoll sergeants
  6 bullfrogs
  A necrophage (D:6)
  7 scorpions
  A killer bee (D:10)
  2 howler monkeys
  3 centaur zombies (Ossuary)
  A human zombie (Ossuary)
  4 orc priests
  A gnoll bouda (D:7)
  3 hounds
  5 iguanas
  6 orc wizards
  2 mummies (Ossuary)
  Robin (D:2)
  10 adders
  19 gnolls
  A shadow imp (D:6)
  2 ufetubi (D:4)
  2 adder zombies (Ossuary)
  2 worms (D:4)
  A dart slug (D:1)
  43 orcs
  13 ball pythons
  5 endoplasms
  14 giant cockroaches
  14 goblins
  17 hobgoblins
  16 kobolds
  4 quokkas
  6 bats
  14 frilled lizards
  11 hobgoblin zombies (Ossuary)
  3 jackal zombies
  11 kobold zombies (Ossuary)
  6 orc zombies (Ossuary)
  10 rats
342 creatures vanquished.

Vanquished Creatures (others)
  9 fungi (D:8)
  7 plants (D:8)
16 creatures vanquished.

Grand Total: 358 creatures vanquished

Notes
Turn   | Place    | Note
-------+----------+-------------------------------------------
     0 | D:1      | Godmorgon the Tengu Conjurer began the quest for the Orb.
     0 | D:1      | Reached XP level 1. HP: 10/10 MP: 4/4
   328 | D:1      | Reached XP level 2. HP: 15/15 MP: 4/6
   331 | D:1      | Learned a level 2 spell: Searing Ray
   912 | D:1      | Reached XP level 3. HP: 19/19 MP: 4/7
  1215 | D:1      | You fall into a shaft and drop 1 floor!
  1897 | D:2      | Noticed Robin
  1918 | D:1      | Reached XP level 4. HP: 17/24 MP: 5/9
  2654 | D:2      | Killed Robin
  2736 | D:2      | Found Duagaih's Book Boutique.
  3074 | D:3      | Found a faded altar of an unknown god.
  3120 | D:3      | Found Heull's Armour Shop.
  3210 | D:3      | Found a hide-covered altar of Uskayaw.
  3508 | D:3      | Gained mutation: Your magical nature lets you fly swiftly
                  | and evasively. [Tengu growth]
  3508 | D:3      | Reached XP level 5. HP: 28/28 MP: 4/10
  3639 | D:3      | Learned a level 3 spell: Mephitic Cloud
  3670 | D:3      | Found a shadowy altar of Dithmenos.
  3868 | D:3      | Found a stormy altar of Qazlal.
  4001 | D:4      | Noticed an ogre
  4039 | D:3      | Killed an ogre
  4040 | D:3      | Reached skill level 1 in Air Magic
  4040 | D:3      | Reached XP level 6. HP: 19/32 MP: 6/12
  4215 | D:4      | Reached skill level 1 in Poison Magic
  4391 | D:4      | Found a glowing drain.
  4400 | Sewer    | Entered a sewer
  4787 | Sewer    | Reached XP level 7. HP: 36/36 MP: 8/13
  5128 | Sewer    | Learned a level 4 spell: Airstrike
  5649 | D:4      | Got the Omnibus of the Allied Crypt
  5743 | D:5      | Entered Level 5 of the Dungeon
  6271 | D:5      | Reached XP level 8. HP: 41/41 MP: 6/15
  6400 | D:5      | Reached skill level 5 in Air Magic
  6660 | D:3      | Bought a +2 hat for 160 gold pieces
  7252 | D:5      | Found a shimmering blue altar of Sif Muna.
  7553 | D:6      | Reached skill level 5 in Spellcasting
  7729 | D:6      | Found a staircase to the Ecumenical Temple.
  7736 | Temple   | Entered the Ecumenical Temple
  8043 | Temple   | Became a worshipper of Vehumet
  8467 | D:6      | Reached XP level 9. HP: 45/45 MP: 14/18
  8577 | D:6      | Reached skill level 10 in Conjurations
  8755 | D:6      | Identified 2 scrolls of acquirement
  8766 | D:6      | Found a hazy altar of Hepliaklqana.
  8804 | D:6      | Reached * piety under Vehumet
  8804 | D:6      | Offered knowledge of Freeze by Vehumet.
  9715 | D:6      | Acquired 711 gold pieces
  9717 | D:6      | Acquired the ring "Koerph" {AC+4 Dex+4 SInv Stlth-}
  9740 | D:7      | Noticed Maggie
  9744 | D:7      | Killed Maggie
 10319 | D:7      | Reached skill level 1 in Armour
 10499 | D:2      | Bought a book of Vapours for 224 gold pieces
 10499 | D:2      | Bought the Incunable of Damage Dealing for 448 gold pieces
 10502 | D:2      | Learned a level 2 spell: Poisonous Vapours
 10645 | D:7      | Found an opulent altar of Gozag.
 11220 | D:7      | Reached skill level 5 in Poison Magic
 11517 | D:8      | Noticed a hornet
 11528 | D:8      | Found a sand-covered staircase.
 11533 | Ossuary  | Entered an ossuary
 12022 | Ossuary  | Offered knowledge of Scorch by Vehumet.
 12023 | Ossuary  | Reached ** piety under Vehumet
 12229 | Ossuary  | Reached XP level 10. HP: 50/50 MP: 18/21
 12384 | D:8      | Paralysed by a hornet for 2 turns
 12416 | D:8      | Offered knowledge of Static Discharge by Vehumet.
 13060 | D:8      | Reached skill level 10 in Air Magic
 13641 | D:8      | Found a blossoming altar of Fedhas.
 13709 | D:9      | Identified the +5 flail "Spiderbane" {spect, rPois}
 13831 | D:9      | Reached *** piety under Vehumet
 14025 | D:9      | Found a staircase to the Orcish Mines.
 14099 | D:9      | Noticed a two-headed ogre
 14122 | D:9      | Killed a two-headed ogre
 14123 | D:9      | Reached skill level 5 in Armour
 14386 | D:9      | Found Cefam's Assorted Antiques.
 14392 | D:9      | Bought a scroll labelled BIJ UMUSAPTOGG for 27 gold pieces
 14392 | D:9      | Bought a scroll labelled NEANKE FEESCH for 27 gold pieces
 14392 | D:9      | Bought a clear potion for 24 gold pieces
 14886 | D:10     | Entered Level 10 of the Dungeon
 14887 | D:10     | Noticed Sonja
 14945 | D:9      | Killed Sonja
 14946 | D:9      | Reached XP level 11. HP: 31/54 MP: 13/24
 15091 | D:10     | Acquired 454 gold pieces
 15093 | D:10     | Acquired the Collected Works on Lethal Formation
 15095 | D:10     | Acquired the +3 crown of Dyrovepreva {rElec Int+2 SInv}
 15095 | D:10     | Found the +3 crown of Dyrovepreva {rElec Int+2 SInv}
 15115 | D:10     | Learned a level 6 spell: Starburst
 15331 | D:10     | Reached skill level 1 in Fighting
 15331 | D:10     | Reached skill level 1 in Fire Magic
 15510 | D:10     | Offered knowledge of Conjure Flame by Vehumet.
 15663 | D:10     | Noticed a boulder beetle
 15711 | D:10     | Killed a boulder beetle
 15713 | D:10     | Noticed a two-headed ogre
 15713 | D:10     | Noticed a skeletal warrior
 15720 | D:10     | Noticed a two-headed ogre
 15724 | D:10     | Killed a two-headed ogre
 15726 | D:10     | Killed a two-headed ogre
 15988 | D:10     | Killed a skeletal warrior
 16472 | D:10     | Reached **** piety under Vehumet
 16656 | D:10     | Found a staircase to the Lair.
 17090 | D:10     | Noticed a catoblepas
 17106 | D:10     | Killed a catoblepas
 17184 | D:10     | Found a glowing golden altar of the Shining One.
 17186 | D:10     | Found a sacrificial altar of Ru.
 17281 | D:11     | Noticed a wizard
 17284 | D:11     | Killed a wizard
 17285 | D:11     | Reached XP level 12. HP: 66/66 MP: 13/26
 17456 | D:11     | Noticed a two-headed ogre
 17478 | D:11     | Killed a two-headed ogre
 17555 | D:11     | Found a portal to a secret trove of treasure.
 17556 | D:11     | Noticed Fannar
 17570 | D:11     | Killed Fannar
 17725 | D:11     | Acquired 691 gold pieces
 17765 | D:11     | Offered knowledge of Inner Flame by Vehumet.
 17766 | D:11     | Reached skill level 5 in Fire Magic
 18064 | D:11     | Noticed a boulder beetle
 18064 | D:11     | Noticed a two-headed ogre
 18146 | D:11     | Killed a boulder beetle
 18176 | D:11     | Noticed a centaur warrior
 18178 | D:11     | Killed a two-headed ogre
 18179 | D:11     | Reached skill level 5 in Fighting
 18199 | D:11     | Killed a centaur warrior
 18276 | D:11     | Noticed an eight-headed hydra
 18280 | D:11     | Killed an eight-headed hydra
 18626 | D:11     | Identified the ring of the Supporting Gods {Fly rC- Will+
                  | MP+9 SInv}
 19117 | D:11     | Reached skill level 10 in Spellcasting
 19128 | D:11     | Noticed a centaur warrior
 19157 | D:11     | Shot with an arrow by a centaur warrior

Illustrated notes

Levels and vault maps discovered:
D:1:      sevenhm_arrival_forest_fort_large_4, layout_loops_corners
D:2:      layout_basic, serial_shops, nicolae_shop_advertising_works
          [nicolae_subvault_shop_adworks], chequers_mini_garden,
          grunt_ministairs_4, uniq_robin
D:3:      layout_loops_ring, nicolae_qazlal_eye_of_the_storm,
          nicolae_uskayaw_dance_hall, grunt_dithmenos_smoke, serial_shops, shop,
          hellmonk_ecumenical_altar_lost_god, chequers_avenue
D:4:      layout_gridville, cheibrodos_sewer_entry_drain
D:5:      layout_loops_ring, tgw_sif, kennysheep_doodads,
          kennysheep_windowed_goal
D:6:      layout_cave_pods, lemuel_doored_altar, minmay_temple_entry_mini_moons,
          chequers_serial_rivers_large_b, minmay_crystal_room, dk_vineyard_3
D:7:      layout_gridville, mainiacjoe_overflow_24_doors, small_statue_alley_b,
          uniq_maggie
D:8:      layout_rooms, fedhas_altar_3, enter_ossuary_3, serial_corexii_hall,
          corexii_hall_statues_x, corexii_hall_statues_i,
          corexii_hall_statues_deadend, corexii_hall_statues_i,
          chequers_serial_rivers_room_b, minmay_diced_spiral
D:9:      layout_small_grid, erik_orc_3, serial_shops, shop, hangedman_fish_farm
D:10:     cheibrodos_ideogram_h, layout_loops_ring,
          mainiacjoe_overflow_big_doors, lair_entry_dummy,
          nicolae_kite_square_tiling_tiny, uniq_sonja
D:11:     minmay_the_grid_triangle_9x9_rhombus_thin_mashed
          [minmay_the_grid_triangle_9x9_stretched_checkered,
          minmay_the_grid_triangle_9x9_prize_schism,
          minmay_the_grid_triangle_9x9_wacky_v,
          minmay_the_grid_triangle_9x9_warning], layout_basic, enter_trove_2,
          uniq_fannar
Temple:   nicolae_temple_ecumenical_triangle

Skill      XL: |  1  2  3  4  5  6  7  8  9 10 11 12 |
---------------+-------------------------------------+-----
Conjurations   | 6 7 8 9 10 11 12 | 12.3
Spellcasting   | 3 4 5 7 8 9 10 | 10.0
Air Magic      | 1 2 4 7 9 11 12 | 12.3
Poison Magic   | 1 2 4 5 6 |  6.5
Armour         | 3 6 7 |  7.0
Fighting       | 4 5 |  5.6
Fire Magic     | 4 6 |  6.1
Dodging        | |  2.1
Stealth        | |  2.0

Action                   |  1- 3 |  4- 6 |  7- 9 | 10-12 || total
-------------------------+-------+-------+-------+-------++-------
Melee: Short sword       |     3 |     7 |       |       ||    10
       Peck              |     1 |       |    10 |     3 ||    14
       Kick              |     2 |     4 |    26 |     5 ||    37
       Hand axe          |       |     3 |    15 |       ||    18
       Punch             |       |     1 |     1 |       ||     2
       Dagger            |       |       |    20 |       ||    20
       Whip              |       |       |    18 |     2 ||    20
       Flail             |       |       |       |    18 ||    18
Throw: Dart              |       |       |       |     2 ||     2
 Cast: Magic Dart        |    23 |    10 |    32 |     1 ||    66
       Searing Ray       |    24 |    38 |    64 |    22 ||   148
       Mephitic Cloud    |       |       |     3 |     2 ||     5
       Airstrike         |       |       |    64 |   162 ||   226
       Poisonous Vapours |       |       |       |    16 ||    16
Evoke: Wand              |       |       |       |     1 ||     1
  Use: Scroll            |     1 |       |    15 |    17 ||    33
       Potion            |       |       |       |     6 ||     6
 Stab: Sleeping          |       |     1 |       |       ||     1
       Confused          |       |       |     2 |       ||     2
Armor: Robe              |     8 |     2 |     5 |       ||    15
       Ring mail         |       |       |    23 |    41 ||    64
Dodge: Dodged            |    22 |    20 |    82 |    57 ||   181
